 Dungeon Crawl Stone Soup version 0.29.1-15-g9cfb28693d (webtiles) character file.

Game seed: 1746657156133658993

105 Artool the Ducker (level 4, -5/34 HPs)
             Began as a Demonspawn Gladiator on Apr 5, 2023.
             Killed by divine providence
             ... invoked by an orc priest
              (7 damage)
             ... on level 2 of the Dungeon.
             The game lasted 00:03:19 (3275 turns).

Artool the Ducker (Demonspawn Gladiator)            Turns: 3275, Time: 00:03:19

Health: -5/34      AC:  6    Str: 14    XL:     4   Next: 54%
Magic:  4/4        EV: 13    Int:  9    God:
Gold:   154        SH:  0    Dex: 17    Spells: 3/3 levels left

rFire   . . .      SeeInvis .   k - +0 whip
rCold   . . .      Faith    .   (no shield)
rNeg    . . .      Spirit   .   b - +0 leather armour
rPois   .          Reflect  .   c - +0 helmet
rElec   .          Harm     .   (no cloak)
rCorr   .          Rampage  .   (no gloves)
Will    .....                   (no boots)
Stlth   +.........              (no amulet)
HPRegen 0.11/turn               (no ring)
MPRegen 0.09/turn               (no ring)

@: no status effects
A: claws 2, thin metallic scales 1
a: no special abilities


You were on level 2 of the Dungeon.
You visited 1 branch of the dungeon, and saw 3 of its levels.

You collected 154 gold pieces.

Inventory:

Hand Weapons
 a - a +0 flail
 k - a +0 whip (weapon)
Missiles
 d - 3 throwing nets (quivered)
 e - a javelin
Armour
 b - a +0 leather armour (worn)
 c - a +0 helmet (worn)
Jewellery
 h - an amulet of faith
Scrolls
 g - 2 scrolls of fear {unknown}
 i - 4 scrolls of identify {unknown}
 j - a scroll of noise {unknown}
 l - a scroll of amnesia {unknown}
 o - a scroll of vulnerability {unknown}
 p - a scroll of magic mapping {unknown}
Potions
 f - a potion of heal wounds {unknown}
 m - a potion of resistance {unknown}
 n - a potion of lignification {unknown}


   Skills:
 + Level 2.8 Fighting
 + Level 3.3 Maces & Flails
 - Level 2.0 Throwing
 + Level 1.6 Armour
 + Level 3.3 Dodging


You had 3 spell levels left.
You didn't know any spells.
Your spell library was empty.

Dungeon Overview and Level Annotations

Branches:
Dungeon (3/15)

Altars:


Innate Abilities, Weirdness & Mutations

You have very sharp fingernails.
You are partially covered in thin metallic scales. (AC +2)


Message History

You hit the orc priest but do no damage.
The orc priest is lightly wounded.
The orc priest hits you but does no damage.
You writhe in agony.
You hit the orc priest but do no damage.
The orc priest is lightly wounded.
The orc priest hits you but does no damage.
You writhe in agony.
You completely miss the orc priest.
The orc priest is lightly wounded.
The orc priest hits you with a +0 flail of pain.
* * * LOW HITPOINT WARNING * * *
You hit the orc priest but do no damage.
The orc priest is lightly wounded.
The orc priest invokes the aid of Beogh against you.
Pain shoots through your body!
* * * LOW HITPOINT WARNING * * *
You hit the orc priest but do no damage.
The orc priest is lightly wounded.
The orc priest completely misses you.
You hit the orc priest but do no damage.
The orc priest is lightly wounded.
The orc priest looks braver for a moment.
You hit the orc priest but do no damage.
The orc priest is lightly wounded.
The orc priest closely misses you.
You hit the orc priest.
The orc priest is lightly wounded.
The orc priest misses you.
You hit the orc priest but do no damage.
The orc priest is lightly wounded.
The orc priest misses you.
You hit the orc priest.
The orc priest is lightly wounded.
The orc priest closely misses you.
You barely miss the orc priest.
The orc priest is lightly wounded.
The orc priest calls down the wrath of Beogh upon you.
Beogh smites you!
You die... #.# #.# #PPP

#.# ######.###..P
#.# ##........'PP.
#.# ###..####.###PPP
#.# #.........# #P.P
#.###.#.......# ####
#.#...#.......# #.
#.#o###.......## #.
#..@..+........####.
#######..........##.
#............##....
#.###........##.รท..
#.# #...^....##....
###########.#
#........##....
#...........#
#.##.....##....
#.####......#
#.##.....##...) #.#
#......#
#.##.....##....


You could see an orc priest.

Vanquished Creatures
  An adder (D:2)
  A gnoll (D:2)
  2 worms (D:2)
  4 dart slugs
  7 orcs
  6 ball pythons
  A bat skeleton (D:2)
  5 endoplasms
  A giant cockroach (D:1)
  5 goblins (D:2)
  5 hobgoblins
  3 jackals (D:1)
  5 kobolds
  2 quokkas
  A ball python skeleton (D:2)
  A bat (D:1)
  2 frilled lizards
  A giant cockroach zombie (D:2)
  A quokka skeleton (D:2)
  7 rats
61 creatures vanquished.

Vanquished Creatures (others)
  A rat (D:2)
  2 withered plants (D:2)
3 creatures vanquished.

Grand Total: 64 creatures vanquished

Notes
Turn   | Place    | Note
-------+----------+-------------------------------------------
     0 | D:1      | Artool the Demonspawn Gladiator began the quest for the
                  | Orb.
     0 | D:1      | Reached XP level 1. HP: 16/16 MP: 1/1
     2 | D:1      | Noticed a demonspawn
     2 | D:1      | Noticed a minotaur
     4 | D:1      | Noticed a merfolk
     4 | D:1      | Noticed a formicid
     6 | D:1      | Noticed a troll
     6 | D:1      | Noticed a gargoyle
     8 | D:1      | Noticed a draconian
     8 | D:1      | Noticed an ogre
    10 | D:1      | Noticed a palentonga
    13 | D:1      | Noticed a human
    13 | D:1      | Noticed an octopode
    15 | D:1      | Noticed a tengu
    15 | D:1      | Noticed a vampire
    17 | D:1      | Noticed a spriggan
    17 | D:1      | Noticed a demigod
    19 | D:1      | Noticed a meteoran
    22 | D:1      | Noticed an elf
    22 | D:1      | Noticed a vine stalker
    24 | D:1      | Noticed a naga
    24 | D:1      | Noticed a felid
    26 | D:1      | Noticed a demigod
    28 | D:1      | Noticed an elf
    28 | D:1      | Noticed a gargoyle
   297 | D:1      | Gained mutation: You have sharp fingernails. [demonic
                  | ancestry]
   297 | D:1      | Reached XP level 2. HP: 19/22 MP: 2/2
   850 | D:1      | Reached skill level 1 in Armour
   850 | D:1      | Gained mutation: You have very sharp fingernails. [demonic
                  | ancestry]
   850 | D:1      | Reached XP level 3. HP: 19/28 MP: 3/3
  2065 | D:2      | Gained mutation: You are partially covered in thin metallic
                  | scales. (AC +2) [demonic ancestry]
  2065 | D:2      | Reached XP level 4. HP: 31/34 MP: 4/4
  2206 | D:2      | Found a faded altar of an unknown god.
  3275 | D:2      | Killed from afar by an orc priest

Illustrated notes

Levels and vault maps discovered:
D:1:      kb_arrival_jail, layout_loops_ring
D:2:      layout_basic, shapermc_ecumenical_altar_flowoftime, serial_undead,
          serial_undead_f, serial_undead_c, serial_undead_e, serial_undead_f,
          corexii_leaking_fountain, minmay_pentomino_w2
D:3:      layout_basic, nicolae_grassy_gnolls, uniq_grinder, uniq_ijyb

Skill      XL: |  1  2 |
---------------+-------+-----
Throwing       | 2 |  2.0
Maces & Flails | 3 |  3.3
Dodging        | 3 |  3.3
Armour         | 1 |  1.6
Fighting       | |  2.8

Action                   |  1- 3 |  4- 6 || total
-------------------------+-------+-------++-------
Melee: Flail             |    69 |       ||    69
       Whip              |    84 |   109 ||   193
       Punch             |     4 |       ||     4
Armor: Leather armour    |    33 |    33 ||    66
Dodge: Dodged            |    77 |    77 ||   154
